 Dungeon Crawl Stone Soup version 0.30.1-3-gfc49f6343a (webtiles) character file.

Game seed: 9975731562575491556

3526 javelincjr the Fighter (level 9, 0/74 HPs)
             Began as a Demonspawn Fighter on July 19, 2023.
             Slain by a killer bee (3 damage)
             ... on level 8 of the Dungeon.
             The game lasted 00:22:10 (7344 turns).

javelincjr the Fighter (Demonspawn Fighter)         Turns: 7344, Time: 00:22:12

Health: 0/74       AC: 12    Str: 21    XL:     9   Next: 82%
Magic:  9/9        EV: 10    Int:  9    God:
Gold:   510        SH:  0    Dex: 13    Spells: 8/8 levels left

rFire   + . .        H - +5 rapier "Mabliug" {heavy, rC+ Will+}
rCold   + . .        (no shield)
rNeg    . . .        y - +0 chain mail
rPois   .            q - +0 helmet
rElec   .            (no cloak)
rCorr   .            D - +0 pair of gloves
SInv    .            (no boots)
Will    +....        (no amulet) Stlth
                     K - +4 ring of slaying
HPRegen 0.32/turn    F - ring of protection from fire
MPRegen 0.11/turn

%: no passive effects
@: lethally poisoned (0 -> -6)
A: ignite blood 1, powered by pain 1, demonic touch 2
a: no special abilities


You were on level 8 of the Dungeon.
You visited 2 branches of the dungeon, and saw 9 of its levels.

You collected 510 gold pieces.

Inventory:

Hand Weapons
 a - a +0 trident
 t - a +1 dagger of electrocution
 B - the +4 whip "Caygetsy" {flame, Str+4 Int+2}
   (You found it on level 5 of the Dungeon)

   Str:       It affects your strength (+4).
   Int:       It affects your intelligence (+2).
 H - the +5 rapier "Mabliug" (weapon) {heavy, rC+ Will+}
   (You found it on level 6 of the Dungeon)

   rC:        It protects you from cold.
   Will:      It increases your willpower.
Missiles
 g - 34 poisoned darts (quivered)
 o - 68 stones
 M - a curare-tipped dart
Armour
 b - a +0 scale mail
 q - a +0 helmet (worn)
 y - a +0 chain mail (worn)
 D - a +0 pair of gloves (worn)
Jewellery
 w - a ring of protection from cold
 F - a ring of protection from fire (right hand)
 K - a +4 ring of slaying (left hand)
 L - a ring of willpower
Wands
 E - a wand of flame (20)
 I - a wand of roots (18)
Scrolls
 f - a scroll of fear {unknown}
 j - 2 scrolls of immolation {unknown}
 k - a scroll of silence {unknown}
 l - 5 scrolls of identify {unknown}
 m - 3 scrolls of teleportation {unknown}
 n - 2 scrolls of torment {unknown}
 r - 2 scrolls of poison {unknown}
 A - 2 scrolls of acquirement {unknown}
 C - a scroll of amnesia {unknown}
 J - a scroll of noise {unknown}
Potions
 c - a potion of lignification {unknown}
 d - a potion of might
 e - 7 potions of curing {unknown}
 h - 6 potions of heal wounds {unknown}
 i - 2 potions of degeneration {unknown}
 p - a potion of resistance {unknown}
 s - a potion of flight {unknown}
 u - a potion of berserk rage {unknown}
 v - 2 potions of cancellation {unknown}
 x - a potion of brilliance {unknown}
 z - a potion of attraction {unknown}
 G - a potion of mutation {unknown}


   Skills:
 * Level 8.2 Fighting
 - Level 2.1(3.7) Short Blades
 * Level 4.8(5.0) Long Blades
 - Level 1.4 Maces & Flails
 - Level 3.0 Polearms
 + Level 5.8 Armour
 + Level 4.5 Dodging
 + Level 5.8 Shields


You had 8 spell levels left.
You didn't know any spells.
Your spell library contained the following spells:

 Spells                   Type           Power      Damage    Failure   Level
 Freeze                   Ice            0%         1d3       94%         1
 Magic Dart               Conj           0%         1d3       94%         1
 Searing Ray              Conj           0%         2d4       98%         2
 Frozen Ramparts          Ice            0%         1d1       100%        3
 Hailstorm                Conj/Ice       0%         3d3       100%        3
 Tukima's Dance           Hex            0%         N/A       100%        3
 Fulminant Prism          Conj/Hex       0%         3d5       100%        4
 Passage of Golubria      Tloc           0%         N/A       100%        4
 Yara's Violent Unravell  Hex/Tmut       0%         3d3       100%        5


Dungeon Overview and Level Annotations

Branches:
Dungeon (8/15)             Temple (1/1) D:4
   Lair: D:8-11

Altars:
Ashenzari
Fedhas
Gozag
Hepliaklqana
Kikubaaqudgha
Makhleb
Qazlal
Ru
Sif Muna
Trog
Uskayaw
Vehumet
Xom
Yredelemnul

Shops:
D:6 !

Annotations:
D:4 2 transporters, OlManJenkins's ghost, amateur GnGl


Innate Abilities, Weirdness & Mutations

Your demonic aura sometimes causes spilled blood to erupt in flames.
You sometimes gain a little power by taking damage.
Your touch may inflict irresistible damage on your foes.


Message History

The killer bee is moderately wounded.
The killer bee stings you.
* * * LOW HITPOINT WARNING * * *
You are poisoned.
The killer bee poisons you! The killer bee completely misses you.
The killer bee stings you but does no damage.
You miss the killer bee. Your touch misses the killer bee.
The killer bee is moderately wounded.
You feel sick.
The killer bee stings you but does no damage. x2
The killer bee closely misses you.
Unknown command.
You hit the killer bee.
The killer bee is heavily wounded.
You feel sick. The killer bee barely misses you.
The killer bee closely misses you.
The killer bee stings you but does no damage.
You hit the killer bee. Your touch misses the killer bee.
The killer bee is heavily wounded.
You feel sick.
The killer bee stings you but does no damage.
The killer bee closely misses you. x2
You completely miss the killer bee.
The killer bee is heavily wounded.
You feel sick.
You are no longer poisoned.
The killer bee stings you.
* * * LOW HITPOINT WARNING * * *
You are poisoned.
The killer bee poisons you!
The killer bee stings you but does no damage.
The killer bee barely misses you.
You barely miss the killer bee.
The killer bee is heavily wounded.
* * * LOW HITPOINT WARNING * * *
You feel very sick. The killer bee stings you.
* * * LOW HITPOINT WARNING * * *
The killer bee barely misses you. The killer bee stings you.
You die...

#################
#...............#
#.#############.#
#.# #.# #.# #.#
#.# #@# ##.######
#y# ........# #.#
#######.# #.# #.#
#.# ###.# #.#
#####...# #...#
......### ......#
####..# ###....#


You could see a killer bee.

Vanquished Creatures
  Pikel (D:7)
  A hornet (D:8)
  2 steam dragons (D:8)
  Menkaure (D:7)
  2 water moccasins
  An orc warrior (D:6)
  3 ice beasts
  3 ogres
  A centaur (D:5)
  A phantom (D:5)
  2 kobold brigands (D:8)
  2 scorpions
  3 bullfrogs
  3 wights (D:6)
  5 killer bees (D:8)
  2 howler monkeys
  A jelly (D:5)
  3 orc priests
  3 hounds (D:5)
  An iguana (D:7)
  5 orc wizards
  4 adders
  10 gnolls
  A white imp (D:7)
  2 ufetubi
  A worm (D:5)
  2 dart slugs (D:3)
  30 orcs
  6 ball pythons
  3 bats
  4 endoplasms
  3 giant cockroaches
  22 goblins
  13 hobgoblins
  2 jackals (D:3)
  2 quokkas
  3 frilled lizards
  21 kobolds
  A rat (D:1)
176 creatures vanquished.

Notes
Turn   | Place    | Note
-------+----------+-------------------------------------------
     0 | D:1      | javelincjr the Demonspawn Fighter began the quest for the
                  | Orb.
     0 | D:1      | Reached XP level 1. HP: 18/18 MP: 1/1
   402 | D:1      | Gained mutation: Your touch may inflict minor irresistible
                  | damage on your foes. [demonic ancestry]
   402 | D:1      | Reached XP level 2. HP: 24/24 MP: 2/2
  1149 | D:2      | Gained mutation: Your touch may inflict irresistible damage
                  | on your foes. [demonic ancestry]
  1149 | D:2      | Reached XP level 3. HP: 29/29 MP: 3/3
  1720 | D:3      | Found a faded altar of an unknown god.
  1840 | D:3      | Gained mutation: Your demonic aura sometimes causes spilled
                  | blood to erupt in flames. [demonic ancestry]
  1840 | D:3      | Reached XP level 4. HP: 21/35 MP: 4/4
  2545 | D:3      | Reached XP level 5. HP: 31/42 MP: 5/5
  2757 | D:4      | Reached skill level 4 in Fighting
  2977 | D:4      | Found a staircase to the Ecumenical Temple.
  2983 | Temple   | Entered the Ecumenical Temple
  3167 | D:4      | Reached skill level 1 in Dodging
  3278 | D:4      | Reached skill level 1 in Short Blades
  3278 | D:4      | Reached XP level 6. HP: 49/49 MP: 6/6
  3445 | D:4      | Found a transporter.
  3445 | D:4      | Noticed OlManJenkins's ghost (amateur GnGl)
  3468 | D:4      | Found a transporter.
  3531 | D:5      | Entered Level 5 of the Dungeon
  3616 | D:5      | Reached XP level 7. HP: 49/55 MP: 7/7
  3664 | D:5      | Reached skill level 5 in Fighting
  4176 | D:5      | Identified the +4 whip "Caygetsy" {flame, Str+4 Int+2}
  4670 | D:6      | Reached skill level 1 in Maces & Flails
  4670 | D:6      | Gained mutation: You sometimes gain a little power by
                  | taking damage. [demonic ancestry]
  4670 | D:6      | Reached XP level 8. HP: 43/64 MP: 8/8
  4743 | D:6      | Reached skill level 6 in Fighting
  4914 | D:6      | Identified the +5 rapier "Mabliug" {heavy, rC+ Will+}
  5090 | D:6      | Reached skill level 1 in Long Blades
  5785 | D:6      | Found Taysheiq's Distillery.
  5851 | D:7      | Noticed Pikel
  5863 | D:7      | Killed Pikel
  5864 | D:7      | Reached skill level 7 in Fighting
  5864 | D:7      | Reached skill level 5 in Armour
  5864 | D:7      | Reached skill level 5 in Shields
  5864 | D:7      | Reached XP level 9. HP: 53/72 MP: 9/9
  6036 | D:7      | Noticed Menkaure
  6041 | D:7      | Killed Menkaure
  6431 | D:7      | Found a basalt altar of Yredelemnul.
  7060 | D:8      | Reached skill level 8 in Fighting
  7344 | D:8      | HP: 3/74 [killer bee (5)]
  7344 | D:8      | Slain by a killer bee

Illustrated notes

Levels and vault maps discovered:
D:1:      psy_arrival_terrarium, layout_loops_ring
D:2:      cheibrodos_greedy_goblins, layout_loops_ring
D:3:      layout_basic, shapermc_ecumenical_altar_hornbeckon
D:4:      layout_loops_ring, minmay_temple_entry_waves, gammafunk_ghost_smash
D:5:      layout_gridville
D:6:      corexii_shantytown, layout_basic, serial_shops, kennysheep_little_box
D:7:      layout_basic, mainiacjoe_overflow_chevrons, uniq_pikel, uniq_menkaure
D:8:      layout_loops_ring, uniq_psyche
Temple:   nicolae_temple_two_arcs

Skill      XL: |  1  2  3  4  5  6  7  8  9 |
---------------+----------------------------+-----
Polearms       | 2 3 |  3.0
Shields        | 3 4 5 |  5.8
Armour         | 3 4 5 |  5.8
Fighting       | 4 5 7 8 |  8.2
Dodging        | 1 2 3 4 |  4.5
Short Blades   | 1 2 |  2.1
Maces & Flails | 1 |  1.4
Long Blades    | 2 4 |  4.8

Action                     |  1- 3 |  4- 6 |  7- 9 || total
---------------------------+-------+-------+-------++-------
  Melee: Trident           |   129 |    29 |       ||   158
         Touch             |     1 |    18 |    37 ||    56
         Dagger            |       |    63 |    34 ||    97
         Whip              |       |       |    64 ||    64
         Rapier            |       |       |   139 ||   139
         Punch             |       |       |     2 ||     2
  Throw: Dart              |       |       |     5 ||     5
 Armour: Scale mail        |    60 |    35 |    19 ||   114
         Chain mail        |       |       |   120 ||   120
  Dodge: Dodged            |    55 |    47 |   126 ||   228
  Block: Buckler           |    17 |       |       ||    17
